Cogmind - Beta 16.1 @@@ ROGUE MODE // 2026.02.19 @ 18:44:25 Player: Kosys Result: Destroyed by Y6-V88(R) with Subdweller Laser Performance ------------- Evolutions (0) 0 Regions Visited (3) 600 Robots Destroyed (22) 110 Value Destroyed (358) 358 Prototype IDs (0) 0 Alien Tech Used (0) 0 Bonus (0) 0 TOTAL SCORE: 1068 Bonus ------- None Cogmind --------- Core Integrity 0/250 Matter 340/400 Energy 39/100 System Corruption 0% Temperature Cool (6) Movement Core (150) Ox2 Location -10/Subcaves Parts ------- > --- POWER (1) -------- (None) > --- PROPULSION (2) --- (None) > --- UTILITY (2) ------ Small Storage Unit Medium Matter Pod > --- WEAPON (2) ------- Mining Laser > --- INVENTORY (8) ---- Light Ion Engine Light Ion Engine Wheel Wheel Medium Laser Light Assault Rifle Peak State ------------ > --- POWER ------------ Light Ion Engine > --- PROPULSION ------- Light Treads Light Treads > --- UTILITY ---------- Small Storage Unit Medium Matter Pod > --- WEAPON ----------- Medium Laser Assault Rifle > --- INVENTORY -------- Light Ion Engine Wheel Wheel Medium Laser Mining Laser [Rating: 7] Favorites ----------- Power Light Ion Engine Engine Light Ion Engine Propulsion Light Treads Treads Light Treads Leg Aluminum Leg Wheel Wheel Utility Small Storage Unit Storage Small Storage Unit Weapon Light Assault Rifle Energy Gun Medium Laser Ballistic Gun Light Assault Rifle Special Weapon Mining Laser Build | -11 -10 -10 -10 ------- Run | Yrd Mat Min Sub Slots Evolved . | . . . . Power . | . . . . Propulsion . | . . . . Utility . | . . . . Weapon . | . . . . Parts Attached 22 | 9 3 8 2 Power 3 | 1 1 1 . Engine 3 | 1 1 1 . Core . | . . . . Reactor . | . . . . Propulsion 9 | 4 . 5 . Treads 2 | 2 . . . Leg 4 | . . 4 . Wheel 3 | 2 . 1 . Hover . | . . . . Flight . | . . . . Utility 2 | 2 . . . Device . | . . . . Storage 2 | 2 . . . Processor . | . . . . Hackware . | . . . . Protection . | . . . . Artifact . | . . . . Weapon 8 | 2 2 2 2 Energy Gun 2 | 1 . 1 . Energy Cannon . | . . . . Ballistic Gun 5 | 1 2 1 1 Ballistic Cannon . | . . . . Launcher . | . . . . Special Weapon 1 | . . . 1 Impact Weapon . | . . . . Slashing Weapon . | . . . . Piercing Weapon . | . . . . Special Melee Weapon . | . . . . Unidentified Prototypes . | . . . . Parts Lost 10 | . 1 4 5 Power 2 | . 1 . 1 Propulsion 4 | . . 2 2 Utility . | . . . . Weapon 4 | . . 2 2 Highest Loss Streak 5 | . 1 4 5 To Critical Strikes . | . . . . Average Backups 7 | 3 7 7 6 Power 2 | . 2 2 2 Propulsion 2 | 1 2 3 2 Utility . | . . . . Weapon 2 | 1 2 2 2 Tool/Special . | . . . . Unused Backups 4 | . 1 1 2 Power 2 | . . . 2 Propulsion 1 | . . 1 . Utility . | . . . . Weapon 1 | . 1 . . Tool/Special . | . . . . Average Slot Usage (%) 98 | . 99 98 96 Engine 13 | . 13 14 12 Treads 16 | . 28 7 . Leg 8 | . . 18 . Wheel 3 | . . . 26 Storage 28 | . 28 28 28 Energy Gun 9 | . 9 10 8 Ballistic Gun 18 | . 18 17 17 Peak Build Rating 7 | 7 7 7 7 Average Rating 6 | 5 6 6 6 On Entrance 5 | . 7 7 7 Avg Prop Armor Cover (%) . | . . . . Naked Turns . | . . . . Heaviest Build 14 | 14 14 13 13 Greatest Support 40 | 40 40 40 20 Greatest Overweight (x) 4 | . . 4 . Average Overweight (x) . | . . . . Largest Inventory Capacity 8 | 8 8 8 8 Average Capacity 7 | 7 8 8 8 Most Carried 8 | 7 8 8 7 Average Carried 7 | 3 7 7 6 Final Capacity 8 | 8 8 8 8 Final Carried 8 | 7 8 7 6 Class Distribution -------------------- 52% | Scavenger-Mutant 47% | Mutant Dominant Class ---------------- Mutant | -10/Materials Scavenger-Mutant | -10/Mines Mutant | -10/Subcaves Resources | -11 -10 -10 -10 ----------- Run | Yrd Mat Min Sub Matter Collected 594 | 347 184 63 . Remotely . | . . . . Salvage Created 724 | 190 367 167 . Parts 45 | 12 18 15 . Haulers Intercepted . | . . . . Recyclers Shooed 1 | . 1 . . Parts Field Recycled . | . . . . Retrieved Matter . | . . . . Parts Self-Destructed . | . . . . Prevented . | . . . . Parts Restored . | . . . . Kills | -11 -10 -10 -10 ------- Run | Yrd Mat Min Sub Combat Hostiles Destroyed 12 | . 8 4 . Guns 12 | . 8 4 . Classes Destroyed 5 | 3 2 . . Worker 4 | 2 1 1 . Tunneler 4 | 3 . 1 . Recycler 2 | 1 1 . . Swarmer 5 | . 3 2 . Grunt 7 | . 5 2 . Best Kill Streak 5 | 3 5 2 . Combat Bots Only 4 | . 4 2 . Max Kills in Single Turn 1 | 1 1 1 . Gunslinging . | . . . . Exploded . | . . . . Melee . | . . . . Uniques/NPCs Destroyed . | . . . . Combat | -11 -10 -10 -10 -------- Run | Yrd Mat Min Sub Hostile Shots Fired 115 | . 65 24 26 Missed 26 | . 17 4 5 Hits 89 | . 48 20 21 Projectile 89 | . 48 20 21 Critical Strikes 2 | . 1 1 . Damage Taken 1272 | . 551 264 457 Core 253 | . 76 47 130 Absorbed by Shields . | . . . . Core Remaining (%) 100 | 100 . . . Volleys Fired 106 | 16 55 27 8 Largest 2 | 1 2 2 2 Hottest 120 | 50 70 70 120 Shots Fired 181 | 16 102 48 15 Gun 179 | 16 102 48 13 Cannon . | . . . . Launcher . | . . . . Special 2 | . . . 2 Kinetic 115 | . 63 39 13 Thermal 66 | 16 39 9 2 Explosive . | . . . . Electromagnetic . | . . . . Robot Hit Streak 9 | 5 6 7 9 Robot Miss Streak 4 | 3 4 4 2 Penetration Max . | . . . . Secondary Targets . | . . . . Shots Hit Robots 103 | 11 50 30 12 Core Hits 45 | 7 22 13 3 Critical Kills . | . . . . Critical Parts Destroyed . | . . . . Critical Strikes 2 | 1 1 . . Burn 2 | 1 1 . . Melee Attacks . | . . . . Impact . | . . . . Slashing . | . . . . Piercing . | . . . . Sneak Attacks . | . . . . Combat Hostiles . | . . . . Follow-up Attacks . | . . . . Damage Inflicted 1102 | 137 567 267 131 Guns 1045 | 137 566 259 83 Cannons . | . . . . Explosions . | . . . . Melee . | . . . . Ramming 9 | . 1 8 . Kinetic 633 | . 355 195 83 Thermal 460 | 137 211 64 48 Explosive . | . . . . Electromagnetic . | . . . . Impact . | . . . . Slashing . | . . . . Piercing . | . . . . Highest Corruption . | . . . . Average Corruption . | . . . . Corruption Purged . | . . . . Corruption Blocked . | . . . . Overload Shots . | . . . . Overflow Damage . | . . . . Projectiles . | . . . . Explosions . | . . . . Melee . | . . . . Knockbacks . | . . . . Impact . | . . . . Kinetic . | . . . . Secondary . | . . . . Self-Inflicted Damage . | . . . . Shots . | . . . . Rammed 2 | . 2 . . Targets Rammed 4 | . 2 2 . Kicked 2 | . . 2 . Crushed . | . . . . Highest Temperature 96 | 60 96 83 . Average Temperature 24 | 24 24 27 . Received Heat Transfer 507 | . 288 147 72 Siege Activations . | . . . . Martial Activations . | . . . . Shielding Activations . | . . . . Robots Disrupted . | . . . . Combat Hostiles . | . . . . Robots Corrupted . | . . . . Combat Hostiles . | . . . . Parts Fried . | . . . . Impact Corruptions . | . . . . Robots Melted . | . . . . Combat Hostiles . | . . . . Parts Melted 2 | . 2 . . Heat Transferred 1469 | 481 703 185 100 Parts Sabotaged . | . . . . Parts Stolen . | . . . . Parts Stripped . | . . . . Power Chain Reactions . | . . . . Alert | -11 -10 -10 -10 ------- Run | Yrd Mat Min Sub Maximum Alert Level . | . . . . Low Security (%) 100 | 100 100 100 . Level 1 . | . . . . Level 2 . | . . . . Level 3 . | . . . . Level 4 . | . . . . Level 5 . | . . . . High Security . | . . . . Max Security . | . . . . Peak Influence 105 | 15 105 95 . Initial 34 | . 3 34 . Average 31 | 2 42 31 . Influence Increases 445 | 30 260 155 . Destroy 0b10 Robot/C 240 | . 160 80 . Destroy 0b10 Robot/NC 50 | 30 10 10 . Destroy Leader 60 | . 40 20 . Successful Hack 5 | . 5 . . Lose Combat Pursuer 90 | . 45 45 . Influence Decreases 445 | 25 177 243 . Entered New Map 56 | . 2 54 . Time Decay 379 | 25 165 189 . Lost Part 10 | . 10 . . Squads Dispatched 3 | . 3 . . Investigation 1 | . 1 . . Extermination . | . . . . Reinforcement 2 | . 2 . . Assault . | . . . . Garrison . | . . . . Intercept . | . . . . Searches Triggered . | . . . . Construction Impeded . | . . . . Haulers Reinforced . | . . . . Active Scanning Responses . | . . . . Cargo Convoy Interrupts . | . . . . Stealth | -11 -10 -10 -10 --------- Run | Yrd Mat Min Sub Distress Signals 2 | . 1 1 . Communications Jammed . | . . . . Distress Signals . | . . . . Times Spotted 30 | . 21 7 2 Peak Tracking Total 6 | . 6 3 2 Tactical Retreats 5 | . 3 2 . Traps | -11 -10 -10 -10 ------- Run | Yrd Mat Min Sub Traps Triggered 1 | . 1 . . Indirectly . | . . . . Trap Hack Attempts . | . . . . Triggered . | . . . . Disarmed . | . . . . Reprogrammed . | . . . . Reused . | . . . . Traps Extracted . | . . . . Installed . | . . . . Triggered . | . . . . Machines | -11 -10 -10 -10 ---------- Run | Yrd Mat Min Sub Machines Disabled . | . . . . Max in Single Turn . | . . . . Machines Repaired . | . . . . Machines Dismantled . | . . . . Machines Sabotaged . | . . . . Overloaded Fab Kills . | . . . . Hacking | -11 -10 -10 -10 --------- Run | Yrd Mat Min Sub Machines Accessed 1 | . 1 . . Terminals 1 | . 1 . . Fabricators . | . . . . Repair Stations . | . . . . Recycling Units . | . . . . Scanalyzers . | . . . . Garrison Access . | . . . . Total Hacks 1 | . 1 . . Successful 1 | . 1 . . Failed . | . . . . Catastrophic . | . . . . Database Lockouts . | . . . . Manual 1 | . 1 . . Terminals 1 | . 1 . . Fabricators . | . . . . Repair Stations . | . . . . Recycling Units . | . . . . Scanalyzers . | . . . . Garrison Access . | . . . . Terminal Hacks 1 | . 1 . . Hauler Manifests 1 | . 1 . . Fabricator Hacks . | . . . . Repair Station Hacks . | . . . . Recycling Unit Hacks . | . . . . Scanalyzer . | . . . . Garrison Access Hacks . | . . . . Unauthorized Hacks . | . . . . Terminals . | . . . . Fabricators . | . . . . Repair Stations . | . . . . Recycling Units . | . . . . Scanalyzers . | . . . . Garrison Access . | . . . . Data Cores Recovered . | . . . . Used . | . . . . Hacking Detections . | . . . . Full Trace Events . | . . . . Feedback Events . | . . . . Feedback Blocked . | . . . . Robot Schematics Acquired . | . . . . Robots Built . | . . . . Authchips . | . . . . Time . | . . . . Total Robot Build Rating . | . . . . Part Schematics Acquired . | . . . . Parts Built . | . . . . Authchips . | . . . . Time . | . . . . Total Part Build Rating . | . . . . Part Studies Acquired . | . . . . Parts Repaired . | . . . . Time . | . . . . Parts Recycled . | . . . . Recycled Matter . | . . . . Retrieved Matter . | . . . . Retrieved Components . | . . . . Parts Scanalyzed . | . . . . Part Schematics Acquired . | . . . . Parts Damaged . | . . . . Bothacking | -11 -10 -10 -10 ------------ Run | Yrd Mat Min Sub Used RIF Installer . | . . . . Robots Hacked . | . . . . Non-combat . | . . . . Combat . | . . . . Robot Hacks Applied . | . . . . Relay Couplers Released . | . . . . Fabnet Peak Effective % . | . . . . Robots Rewired . | . . . . Allies Hacked . | . . . . Hacks Repelled . | . . . . Allies | -11 -10 -10 -10 -------- Run | Yrd Mat Min Sub Total Allies . | . . . . Largest Group . | . . . . Highest-Rated Group . | . . . . Highest-Rated Ally . | . . . . Total Orders . | . . . . Ally Attacks . | . . . . Total Damage . | . . . . Kills . | . . . . Allies Corrupted . | . . . . Allies Melted . | . . . . Intel | -11 -10 -10 -10 ------- Run | Yrd Mat Min Sub Active Infowar (turns) . | . . . . Robot Analysis Total . | . . . . Derelict Logs Recovered 1 | . . 1 . Drone Launches . | . . . . Drone Recoveries . | . . . . Exploration | -11 -10 -10 -10 ------------- Run | Yrd Mat Min Sub Turns Passed 1187 | 166 475 441 105 Spaces Moved 657 | 87 197 278 95 Core 3 | 1 . 2 . Treads 293 | 56 197 40 . Legs 222 | . . 222 . Wheels 139 | 30 . 14 95 Hover . | . . . . Flight . | . . . . Fastest Speed 50 | 50 160 80 80 Average Speed 129 | 131 160 125 80 Slowest Speed 250 | 160 160 250 80 Overloaded Moves . | . . . . Propulsion Burnouts . | . . . . Robots Hopped . | . . . . Potential Cave-ins . | . . . . Cave-ins Triggered . | . . . . Exploration Rate (%) 20 | 6 22 44 10 Regions Visited 3 Branch Regions 2 Pre-discovered Areas . | . . . . Known Exits Taken . | . . . . Unknown Exits Taken 3 | 1 1 1 . Scrap Searched . | . . . . Spaces Dug . | . . . . Terrain Destroyed . | . . . . Melee . | . . . . Projectile . | . . . . AOE . | . . . . Terrain Rammed . | . . . . Walls Destroyed . | . . . . Machines Disabled . | . . . . Actions | -11 -10 -10 -10 --------- Run | Yrd Mat Min Sub Total 817 | 119 260 330 108 Wait 7 | . . 4 3 Move 654 | 86 196 277 95 Hop . | . . . . Pick Up 14 | 8 2 4 . Fast Attach 10 | 6 1 3 . Attach 6 | 1 1 3 1 Detach . | . . . . Swap 8 | 2 1 4 1 Drop 8 | . 2 6 . Fire 106 | 16 55 27 8 Melee . | . . . . Ram . | . . . . Kick 2 | . . 2 . Crush 2 | . 2 . . Escape Stasis . | . . . . Rewire . | . . . . Trap . | . . . . Miscellaneous . | . . . . Route ------- -11/Scrapyard -10/Materials -10/Mines -10/Subcaves History --------- Turn | Location | Event 16 | -11/Scrapyard | Discovered new exit (range 16) 167 | -11/Scrapyard | Entered Materials 301 | -10/Materials | Build established: Mutant 336 | -10/Materials | Discovered new exit (range 13) 642 | -10/Materials | Entered Mines 782 | -10/Mines | Lost 4 parts (2n2w) 798 | -10/Mines | Build established: Scavenger-Mutant 838 | -10/Mines | Learned 2 Materials zone layouts 1030 | -10/Mines | Discovered new exit (range 15) 1083 | -10/Mines | Entered Subcaves 1172 | -10/Subcaves | Core integrity fell below 50% 1186 | -10/Subcaves | Core integrity fell below 20% 1188 | -10/Subcaves | Destroyed by Y6-V88(R) with Subdweller Laser Last Messages --------------- care of yourself!" 01004_ NB-BWP(g): "I have the funny feeling that things are about to get a lot worse around here, see you around!" 01004_ NB-BWP(g) slips back into the shadows. 01030_ EXIT=FOUND 01031_ T-07 Excavator is excavating. 01058_ T-07 Excavator destroyed. 01063_ Acquired 28 matter. 01065_ Dropped Aluminum Leg. 01066_ Acquired Wheel. 01069_ Dropped Aluminum Leg. 01070_ Acquired Wheel. 01071_ Dropped Aluminum Leg. LOCATION=UNKNOWN AMBIENT_HEAT=-10 GOAL=ESCAPE 01170_ Lgt. Ion Engine destroyed. 01175_ Wheel destroyed. 01177_ Lgt. Assault Rifle destroyed. 01186_ Wheel destroyed. Map ----- +----------------------------------------------------+ | ?????????????????????????????????# | | ??????????????????????????????? ## # # # | | ?????????????????????????????????????#?### ## # | | ????????????????????????????????????????# ?# ## | | ????????????????????????????????????????# ?# ##? | | ???????????????????????????????????????? ?# ### | | ???????????????????????????????????????## ??# # | | ??????????????????????????????? ????????##### # | | ?????????????????????????????? ????### # | | ??????????????????????????????# ???## | | ??????????????????????????????# #??## | | ??????????????????????????????# #??# | | ?????????????????????????????## ##?# ## ## | | ?????????????????????????????# ### ## #? | | ????????????????????????????### #? | | ???????????????????????????## ## ### #? | | ???????????????????????????# ##### ##?? #? | | ???????????????????????????# #??# ###? ##? | | ???????????????????????????# ##?## #?##?? | | ????????????????????????????# #### #????? | | ????????????????????????????# ###????? | | ????????????????????????????# ##??????? | | ???????????????????????????## #???????? | | ???????????????????????##### ### #???????? | | ??????????????????????## R #####?# #???????? | | ?????????????????????## @ R ##????# #???????? | | ??????????????????#### #???? #???????? | | ??????????????????# #???? #???????? | | ??????????????????# ## #???? #???????? | | ??????????????????## #### #### #???? ???????? | | ???????????????????####??####??###???### ???????? | | ???????????????????????????????????????? ???????? | | ???????????????????????????????????????? ??????? | | ????????????????????????????????????????# ??????? | | ?????????????????????????????????????????# ??????? | | ??????????????????????????????????????????#??????? | | ?????????????????????????????????????????????????? | | ?????????????????????????????????????????????????? | | ?????????????????????????????????????????????????? | | ?????????????????????????????????????????????????? | | ?????????????????????????????????????????????????? | | ?????????????????????????????????????????????????? | | ?????????????????????????????????????????????????? | | ?????????????????????????????????????????????????? | | ?????????????????????????????????????????????????? | | ?????????????????????????????????????????????????? | | ?????????????????????????????????????????????????? | | ?????????????????????????????????????????????????? | | ?????????????????????????????????????????????????? | | ?????????????????????????????????????????????????? | +----------------------------------------------------+ Best States ------------- Heat Dissipation 25 Energy Generation 10 Energy Capacity 125 Matter Stores 400 Matter Capacity 400 Sight Range 16 Terrain Scan Density 10 Evasion (%) 55 Recoil Reduction 2 Item Schematics ----------------- None Robot Schematics ------------------ None Fabricated ------------ Nothing Repaired ---------- Nothing Studied --------- None Alien Tech Used ----------------- None Achievements -------------- Shopping List Challenges ------------ None Game ------ Seed DynamicNeutronSword Manual? 0 Play Time 00:18:00 Cumulative 2.9 hours Start 2026.02.18 @ 19:35:31 End 2026.02.19 @ 18:44:25 Sessions 4 Manual Loads 0 Difficulty Rogue Special Mode None Game No. 5 Rogue 5 Adventurer 0 Explorer 0 Win Type - Total 0 Types 0/0/0/0/0/0/0/0/0/0 Lore% 1 Gallery% 3 Achievement% 5 Wizard Run 0 Options --------- Layout 0 ASCII 0 Keyboard 0 Movement Mouse Keybinds 0 Fullscreen 0 Font 18/SmallcapsGlow Map View 66x50 Zoom Use 0% Tactical HUD 1 Map Filters NONE Filters NONE Steam 1 RUN: 20b625a8-7c86-4775-b50b-2936bbf5aa9c